 Dungeon Sprint DCSS version 0.28.0-43-g3370ac3207 (webtiles) character file.

Game seed: 1752886760319109708

26 smarlow the Sneak (level 2, -2/14 HPs)
             Began as a Spriggan Enchanter on Mar 3, 2022.
             Slain by a yak (10 damage)
             ... in the Dungeon (Sprint I: "Red Sonja").
             The game lasted 00:00:30 (15 turns).

smarlow the Sneak (Spriggan Enchanter)                Turns: 15, Time: 00:00:30

Health: -2/14      AC:  2    Str:  4    XL:     2   Next: 89%
Magic:  7/7        EV: 17    Int: 16    God:
Gold:   0          SH:  0    Dex: 15    Spells: 7/7 levels left

rFire   . . .      SeeInvis +   a - +1 dagger
rCold   . . .      Faith    .   (no shield)
rNeg    . . .      Spirit   .   b - +0 robe
rPois   .          Reflect  .   (helmet restricted)
rElec   .          Harm     .   (no cloak)
rCorr   .          Rampage  .   (gloves unavailable)
Will    .....      NoTele   +   (boots unavailable)
Stlth   ++++......              (no amulet)
HPRegen 0.04/turn               (no ring)
MPRegen 0.10/turn               (no ring)

@: invisible, very quick
A: very small, no large weapons, unfitting armour, see invisible, speed 3
a: no special abilities


You were in the Dungeon.
You visited 1 branch

Inventory:

Hand Weapons
 a - a +1 dagger (weapon)
Armour
 b - a +0 robe (worn)
Scrolls
 i - a scroll of blinking
Potions
 d - a potion of curing
 e - a potion of heal wounds
 f - a potion of haste
 g - 2 potions of magic
 h - a potion of berserk rage


   Skills:
 * Level 1.6 Fighting
 + Level 1.4 Short Blades
 - Level 2.6 Dodging
 * Level 7.6 Stealth
 + Level 3.3 Spellcasting
 + Level 5.1 Hexes


You had 7 spell levels left.
You didn't know any spells.
Your spell library contained the following spells:

 Spells                   Type           Power      Damage    Failure   Level
 Confusing Touch          Hex            19%        N/A       7%          3
 Tukima's Dance           Hex            19%        N/A       7%          3
 Ensorcelled Hibernation  Hex/Ice        20%        N/A       10%         2
 Dazzling Flash           Conj/Hex       20%        N/A       19%         3


Dungeon Overview and Level Annotations

Branches:
Dungeon (1/1)

Altars:
Dithmenos
Elyvilon
Fedhas
Gozag
Hepliaklqana
Kikubaaqudgha
Nemelex Xobeh
Okawaru
Qazlal
Ru
Uskayaw
Yredelemnul
Zin
The Shining One


Innate Abilities, Weirdness & Mutations

You are very small and have problems with some larger weapons.
You are too small for most types of armour.
You have supernaturally acute eyesight. (SInv)
You cover ground extremely quickly. (Speed+++)


Message History

Ijyb the Twisted Goblin comes into view.
She is wielding a +0 spectral club and carrying a wand of digging (7).
There is an open door here.
The helpless Ijyb fails to defend herself.
You impale Ijyb!!
Ijyb is severely wounded.
Ijyb hits you with a +0 spectral club.
You fade into invisibility!
Ijyb closely misses you.
You hit Ijyb.
Ijyb is severely wounded.
You closely miss Ijyb.
Ijyb is severely wounded.
Ijyb misses you.
You closely miss Ijyb.
Ijyb is severely wounded.
Ijyb closely misses you.
You closely miss Ijyb.
Ijyb is severely wounded.
Ijyb zaps a wand.
Some rock shatters into small pieces.
Found three altars.
A yak comes into view.
You hit Ijyb but do no damage.
Ijyb is severely wounded.
Ijyb shouts!
The yak bellows!
You catch the helpless Ijyb completely off-guard!
You puncture Ijyb!
You kill Ijyb!
Your Fighting skill increases to level 1!
Your Stealth skill gained 3 levels and is now at level 7!
Your Spellcasting skill increases to level 3!
Your Hexes skill gained 2 levels and is now at level 5!
You have reached level 2!
Found 27 gold pieces.
Things that are here:
a +0 spectral club; a +0 leather armour; a wand of digging (6)
Found 27 gold pieces.
Found eleven altars.
You hit the yak but do no damage. The yak gores you!
Ouch! That really hurt!
You die...

#######
#<.#..+
#..').#
#..##.##+#
#..###@Y$#
#..#__#.##
#..#__ __#
#⌠⌠#_.
...+
####_.
__## #__
__# ###
###


You could see a yak.

Vanquished Creatures
  Ijyb (D)
1 creature vanquished.

Notes
Turn   | Place    | Note
-------+----------+-------------------------------------------
     0 | D        | smarlow the Spriggan Enchanter began the quest for the Orb.
     0 | D        | Reached XP level 1. HP: 9/9 MP: 5/5
     2 | D        | Noticed Ijyb
     9 | D        | Found a blossoming altar of Fedhas.
     9 | D        | Found a stormy altar of Qazlal.
     9 | D        | Found a hazy altar of Hepliaklqana.
    10 | D        | Noticed a yak
    11 | D        | Killed Ijyb
    12 | D        | Reached skill level 1 in Fighting
    12 | D        | Reached skill level 7 in Stealth
    12 | D        | Reached skill level 5 in Hexes
    12 | D        | Reached XP level 2. HP: 8/14 MP: 7/7
    14 | D        | Found a glowing silver altar of Zin.
    14 | D        | Found a white marble altar of Elyvilon.
    14 | D        | Found an iron altar of Okawaru.
    14 | D        | Found a glowing golden altar of the Shining One.
    14 | D        | Found an ancient bone altar of Kikubaaqudgha.
    14 | D        | Found a hide-covered altar of Uskayaw.
    14 | D        | Found a basalt altar of Yredelemnul.
    14 | D        | Found an opulent altar of Gozag.
    14 | D        | Found a sacrificial altar of Ru.
    14 | D        | Found a sparkling altar of Nemelex Xobeh.
    14 | D        | Found a shadowy altar of Dithmenos.
    15 | D        | Slain by a yak

Illustrated notes

Levels and vault maps discovered:
D:        dungeon_sprint_1 [red_sonja_temple_1, red_sonja_temple_small_1]

Skill      XL: |  1 |
---------------+----+-----
Fighting       | 1 |  1.6
Stealth        | 7 |  7.6
Spellcasting   | 3 |  3.3
Hexes          | 5 |  5.1
Short Blades   | |  1.4
Dodging        | |  2.6

Action                   || total
-------------------------++-------
Melee: Dagger            ||     8
  Use: Potion            ||     1
 Stab: Invisible         ||     1
       Sleeping          ||     1
Dodge: Dodged            ||     3
